 Dungeon Crawl Stone Soup version 0.26.0-41-g79a4fc7684 (webtiles) character file.

Game seed: 4825987405853976643

3999 thiole the Fighter (level 10, -10/76 HPs)
             Began as an Octopode Hedge Wizard on Jan 27, 2021.
             Was an Initiate of Gozag.
             Killed by refrigeration
             ... invoked by Fannar
              (26 damage)
             ... on level 11 of the Dungeon.
             The game lasted 00:41:08 (13546 turns).

thiole the Fighter (Octopode Hedge Wizard)         Turns: 13546, Time: 00:41:08

Health: -10/76     AC:  5    Str: 10    XL:     10   Next: 23%
Magic:  3/18       EV: 18    Int: 19    God:    Gozag
Gold:   1591       SH:  0    Dex: 10    Spells: 9/20 levels left

rFire    . . .     SeeInvis +   a - +0 dagger
rCold    . . .     Faith    .   (no shield)
rNeg     . . .     Spirit   .   b - +2 hat
rPois    .         Reflect  .   z - amulet of the acrobat
rElec    .         Harm     .   e - +4 ring of evasion
rCorr    .         Rampage  .   p - ring of stealth
Will     .....                  v - ring of wizardry
Stlth    +++++.....             B - ring of wizardry
HPRegen  0.62/turn              (no ring)
MPRegen  0.16/turn              (no ring)
                                (no ring)
                                (no ring)

@: no status effects
A: almost no armour, stealthy swim, amphibious, 8 rings, constrict 8, thin
metallic scales 1, camouflage 1, see invisible, clumsy 1, regeneration 1,
gelatinous body 1
a: Renounce Religion, Potion Petition, Call Merchant, Bribe Branch


You were on level 11 of the Dungeon.
You worshipped Gozag.
Gozag was most pleased with you.
You visited 1 branch of the dungeon, and saw 11 of its levels.

You collected 1656 gold pieces.
You paid 65 gold pieces to Gozag.

Inventory:

Hand Weapons
 a - a +0 dagger (weapon)
 h - a +3 rapier
 l - the +4 spear "Worm" {freeze, rPois Int-4 SInv Stlth+}
   (You found it on level 4 of the Dungeon)

   It has been specially enchanted to freeze those struck by it, causing extra
   injury to most foes and up to half again as much damage against particularly
   susceptible opponents.
   It can also slow down cold-blooded creatures.
   It affects your intelligence (-4).
   It protects you from poison.
   It lets you see invisible.
   It makes you more stealthy.
 q - a +0 dagger of venom
 t - a +3 dagger of speed
Missiles
 j - 241 stones
 k - 66 sling bullets
Armour
 b - a +2 hat (worn)
Jewellery
 e - a +4 ring of evasion (left tentacle)
 p - a ring of stealth (right tentacle)
 s - the amulet of Xueczel {Faith *Slow Str+5}
   (You found it on level 11 of the Dungeon)

   [amulet of faith]

   It allows you to gain divine favour quickly.
   It affects your strength (+5).
   It may slow you when you take damage.
 v - a ring of wizardry (on tentacle)
 w - an uncursed ring of resist corrosion {unknown}
 z - an amulet of the acrobat (around mantle)
 B - a ring of wizardry (on tentacle)
Wands
 n - a wand of enslavement (2)
 u - a wand of iceblast (6)
 I - a wand of random effects (11)
 K - a wand of flame (5)
Scrolls
 c - 3 scrolls of immolation
 g - a scroll of amnesia {unknown}
 i - 7 scrolls of remove curse
 m - a scroll of summoning
 o - a scroll of random uselessness
 r - a scroll of identify
 y - a scroll of holy word {unknown}
 G - a scroll of enchant armour
Potions
 d - a potion of might
 f - 2 potions of flight


   Skills:
 + Level 10.2 Fighting
 + Level 4.2 Dodging
 - Level 5.0 Stealth
 + Level 5.6 Spellcasting
 - Level 4.5 Conjurations
 - Level 2.0 Summonings
 - Level 1.0 Translocations
 - Level 2.0 Air Magic
 - Level 3.9 Earth Magic
 - Level 2.0 Poison Magic


You had 9 spell levels left.
You knew the following spells:

 Your Spells              Type           Power        Failure   Level
a - Magic Dart            Conj           88%          1%          1
b - Call Imp              Summ           12%          2%          2
c - Blink                 Tloc           N/A          3%          2
d - Mephitic Cloud        Conj/Pois/Air  16%          3%          3
e - Stone Arrow           Conj/Erth      42%          1%          3

Your spell library contained the following spells:

 Spells                   Type           Power        Failure   Level
 Sandblast                Erth           40%          1%          1
 Passwall                 Tmut/Erth      10%          2%          2
 Conjure Flame            Conj/Fire      14%          4%          3
 Slow                     Hex            5%           5%          2
 Petrify                  Tmut/Erth      12%          13%         4
 Lee's Rapid Deconstruct  Erth           10%          17%         5


Dungeon Overview and Level Annotations

Branches:
Dungeon (11/15)            Temple (0/1) D:4
   Lair: D:8-11         Orc: D:9-12

Altars:
Fedhas
Gozag
Hepliaklqana
Kikubaaqudgha
Makhleb
Nemelex Xobeh
Okawaru
Ru
Sif Muna
Vehumet
Xom
Yredelemnul

Shops:
D:6 (

Annotations:
D:5 2 transporters
D:11 Fannar


Innate Abilities, Weirdness & Mutations

You cannot wear most types of armour.
You are very stealthy in the water. (Stealth+)
You are amphibious.
You can wear up to eight rings at the same time.
You can use your tentacles to constrict eight enemies at once.
Your skin changes colour to match your surroundings (Stealth+).
Your rubbery body absorbs attacks. (AC +1, EV +1)
You are partially covered in thin metallic scales. (AC +2)
You have supernaturally acute eyesight. (SInv)
You are clumsy. (Dex -2)
Your natural rate of healing is unusually fast.


Message History

You hit Fannar but do no damage. You squeeze Fannar, but do no damage.
Fannar is severely wounded.
You constrict Fannar.
Fannar casts a spell.
Fannar drains the heat from the surrounding environment!
You feel very cold.
* * * LOW HITPOINT WARNING * * *
Fannar is frozen.
Fannar resists.
Aiming: Throw Flame
Press: ? - help, Shift-Dir - straight line, f/p - Fannar
Aim: Fannar, wielding a +0 quarterstaff of freezing, wearing a +1 robe of cold resistance and wearing an uncursed ring of ice (severely wounded, constricted by you, covered in an icy film, 3% to evade)
The puff of flame hits Fannar.
Fannar is burned terribly!
The heat melts Fannar's icy armour.
Fannar is severely wounded.
You constrict Fannar.
Fannar mumbles some strange words.
Fannar drains the heat from the surrounding environment!
You feel very cold.
You die...
Your body crumbles into a pile of gold.

..#..###........#####*,,....* *,
....## #....)...# **##+##* *,
..### #####'#### *..,* *, $##
*.e# ##.#** ** .# *#5# #..# 9#
#.# #.#* * ## #.# #.# * ****
#.########.##########
K,,***#######..e@...............+
,,,,,,.........#######.##########
,,,***#######.## #.# * ,,,* #.#
#.# * **** #.# #.# * #.# #.# *
#.# ##.# #.# #..# #.# ###'#####**


You could see Fannar (icy armour).

Vanquished Creatures
  A kobold demonologist (D:11)
  Sigmund (D:2)
  2 water moccasins
  Duvessa (D:7)
  A necrophage (D:7)
  A black bear (D:8)
  2 phantoms
  An ogre (D:8)
  5 centaurs
  4 big kobolds
  2 bullfrogs
  Dowan (D:7)
  3 water moccasin skeletons
  3 killer bees (D:11)
  9 wights
  2 hounds
  3 orc priests (D:7)
  A bullfrog skeleton (D:9)
  A jelly (D:5)
  2 orc wizards
  A centaur skeleton (D:7)
  Jessica (D:2)
  Natasha (twice) (D:4)
  2 iguanas
  4 worker ants
  A hound skeleton (D:6)
  3 worker ant zombies
  5 adders
  A shadow imp (D:8)
  A white imp (D:3)
  An ufetubus (D:8)
  3 oozes
  An adder zombie (D:5)
  5 worms
  2 dart slugs
  3 leopard geckos
  21 orcs
  8 giant cockroaches
  4 goblins
  2 hobgoblins (D:2)
  10 jackals
  4 quokkas
  7 bats
  3 frilled lizards
  A jackal skeleton (D:4)
  16 kobolds
  A leopard gecko skeleton (D:4)
  2 quokka skeletons
  A quokka zombie (D:6)
  4 rats
  A spectral orc (D:8)
167 creatures vanquished.

Vanquished Creatures (collateral kills)
  A centaur zombie (D:9)
  A centaur skeleton (D:11)
  A sky beast (D:11)
  3 ogres
  A big kobold (D:8)
  A killer bee (D:11)
  2 scorpions
  A wight (D:11)
  A jelly (D:7)
  A hound (D:6)
  An orc priest (D:5)
  An orc wizard (D:6)
  An iguana (D:8)
  Ijyb (D:4)
  Natasha (D:4)
  A worker ant (D:9)
  2 white imps
  An ooze (D:5)
  7 orcs (D:5)
  6 kobolds
35 creatures vanquished.

Vanquished Creatures (others)
  A centaur (D:11)
  5 bushes (D:9)
  5 fungi (D:9)
  52 plants
63 creatures vanquished.

Grand Total: 265 creatures vanquished

Notes
Turn   | Place    | Note
-------+----------+-------------------------------------------
     0 | D:1      | thiole the Octopode Hedge Wizard began the quest for the
                  | Orb.
     0 | D:1      | Reached XP level 1. HP: 11/11 MP: 4/4
   431 | D:1      | Reached XP level 2. HP: 17/17 MP: 1/6
  1084 | D:2      | Reached XP level 3. HP: 6/21 MP: 0/7
  1224 | D:2      | Noticed Jessica
  1234 | D:2      | Found an opulent altar of Gozag.
  1236 | D:2      | Found an iron altar of Okawaru.
  1241 | D:2      | Killed Jessica
  1310 | D:2      | Reached XP level 4. HP: 23/27 MP: 0/9
  1313 | D:2      | Learned a level 2 spell: Call Imp
  1316 | D:2      | Learned a level 2 spell: Blink
  1320 | D:2      | Learned a level 3 spell: Mephitic Cloud
  1792 | D:2      | Noticed Sigmund
  2131 | D:3      | Reached skill level 1 in Poison Magic
  2300 | D:3      | Reached skill level 1 in Air Magic
  2796 | D:2      | Killed Sigmund
  2797 | D:2      | Reached skill level 5 in Stealth
  2797 | D:2      | Reached XP level 5. HP: 5/31 MP: 1/10
  2797 | D:2      | Reached XP level 6. HP: 6/36 MP: 1/11
  3048 | D:2      | Became a worshipper of Gozag Ym Sagoz the Greedy
  3092 | D:3      | Found a radiant altar of Vehumet.
  3095 | D:3      | Identified Vehumet's Guide on Conjuration
  3106 | D:3      | Found an ancient bone altar of Kikubaaqudgha.
  3107 | D:3      | Found a shimmering blue altar of Sif Muna.
  3593 | D:2      | Reached skill level 1 in Fighting
  3762 | D:2      | Found a sparkling altar of Nemelex Xobeh.
  4255 | D:4      | Noticed Natasha
  4273 | D:4      | Killed Natasha
  4276 | D:4      | Reached skill level 2 in Fighting
  4369 | D:4      | Noticed Natasha
  4379 | D:4      | Killed Natasha
  4528 | D:4      | Got a bone spear
  4529 | D:4      | Identified the +4 spear "Worm" {freeze, rPois Int-4 SInv
                  | Stlth+} (You found it on level 4 of the Dungeon)
  4583 | D:4      | Noticed Natasha
  4593 | D:4      | Killed Natasha
  4594 | D:4      | Reached skill level 3 in Fighting
  4710 | D:4      | Found a staircase to the Ecumenical Temple.
  4746 | D:4      | Noticed Ijyb
  4758 | D:4      | Killed Ijyb
  5343 | D:5      | Entered Level 5 of the Dungeon
  5399 | D:5      | Reached XP level 7. HP: 47/47 MP: 2/13
  5762 | D:5      | Found a transporter.
  5787 | D:5      | Found a transporter.
  5806 | D:5      | Reached skill level 4 in Fighting
  5980 | D:5      | Found a shimmering altar of Xom.
  6538 | D:6      | Found a hazy altar of Hepliaklqana.
  6776 | D:6      | Reached skill level 5 in Fighting
  6990 | D:6      | Found Rotumeove's Antique Weapon Boutique.
  7035 | D:6      | Found a burning altar of Makhleb.
  7600 | D:6      | Found a sacrificial altar of Ru.
  7628 | D:6      | Reached skill level 6 in Fighting
  7719 | D:6      | Reached XP level 8. HP: 58/58 MP: 5/14
  8134 | D:7      | Noticed Dowan
  8137 | D:7      | Noticed Duvessa
  8142 | D:7      | Killed Dowan
  8162 | D:7      | Killed Duvessa
  8163 | D:7      | Reached skill level 7 in Fighting
  8609 | D:7      | Reached skill level 8 in Fighting
  9893 | D:8      | Reached skill level 9 in Fighting
  9962 | D:8      | Learned a level 3 spell: Stone Arrow
 10216 | D:8      | Reached skill level 1 in Earth Magic
 10216 | D:8      | Reached XP level 9. HP: 60/68 MP: 4/15
 10327 | D:8      | Found a basalt altar of Yredelemnul.
 10815 | D:8      | Found a blossoming altar of Fedhas.
 10859 | D:8      | Noticed a two-headed ogre
 11947 | D:9      | Noticed a komodo dragon
 11948 | D:9      | Noticed a moth of wrath
 11990 | D:10     | Entered Level 10 of the Dungeon
 12592 | D:11     | Identified a scroll of acquirement
 12592 | D:11     | Acquired the +3 demon trident "Ekiorchyn" {flame, *Slow
                  | rElec Str+3}
 12611 | D:11     | Gained mutation: You are clumsy. (Dex -2) [potion of
                  | mutation]
 12611 | D:11     | Gained mutation: You are partially covered in thin metallic
                  | scales. (AC +2) [potion of mutation]
 12611 | D:11     | Gained mutation: You have supernaturally acute eyesight.
                  | (SInv) [potion of mutation]
 12611 | D:11     | Gained mutation: Your natural rate of healing is unusually
                  | fast. [potion of mutation]
 12631 | D:11     | Reached skill level 5 in Spellcasting
 12717 | D:11     | Reached XP level 10. HP: 75/76 MP: 11/17
 12792 | D:11     | Reached skill level 10 in Fighting
 12806 | D:11     | Got a scorched iron amulet
 12818 | D:11     | Identified the amulet of Xueczel {Faith *Slow Str+5} (You
                  | found it on level 11 of the Dungeon)
 12962 | D:11     | Noticed a kobold demonologist
 12962 | D:11     | Noticed a kobold demonologist
 12992 | D:11     | Noticed a rust devil
 13119 | D:11     | Noticed a gargoyle
 13131 | D:11     | Killed a kobold demonologist
 13138 | D:11     | Noticed a sixfirhy
 13144 | D:11     | Noticed a sixfirhy
 13278 | D:11     | Noticed a two-headed ogre
 13336 | D:11     | Noticed Fannar
 13546 | D:11     | Killed from afar by Fannar

Illustrated notes

Levels and vault maps discovered:
D:1:      roderic_crop_circles_arrival_small, layout_basic, minmay_surrounded
D:2:      layout_basic, chequers_temple_overflow_statue_of_worship,
          nemelex_dance_club_becter, uniq_jessica, uniq_sigmund
D:3:      layout_basic, grunt_temple_overflow_magic_moments,
          kennysheep_generic_room_16
D:4:      layout_cave_pools, minmay_temple_entry_offerings, uniq_ijyb,
          uniq_natasha
D:5:      gammafunk_steamed_eel, layout_cave_pools,
          nicolae_overflow_crystal_walls
D:6:      layout_rooms, nicolae_ru_the_path_less_chosen, general_overflow_altar,
          lemuel_round_altar, serial_shops, shop_fountains, small_statue_alley_b
D:7:      layout_loops_corners, roderic_filled_cross, uniq_duvessa
D:8:      layout_basic, yredelemnul_forgotten_temple_becter, fedhas_altar_1
D:9:      layout_irregular_city, nemelex_xobeh_ov_fountains_minmay,
          slow_altar_2, minmay_lair_entry_grove, david_orc_5,
          gammafunk_ghost_berserking_beasts
D:10:     layout_basic, ebering_ghost_gozag, kennysheep_doodads
D:11:     layout_roguey, serial_shops, shop, muffindrake_ghost_dual_entry,
          uniq_fannar

Skill      XL: |  1  2  3  4  5  6  7  8  9 10 |
---------------+-------------------------------+-----
Stealth        | 3 5 |  5.0
Conjurations   | 2 4 |  4.5
Summonings     | 2 |  2.0
Poison Magic   | 2 |  2.0
Air Magic      | 2 |  2.0
Spellcasting   | 4 5 |  5.6
Fighting       | 3 6 9 10 | 10.2
Earth Magic    | 1 3 |  3.9
Dodging        | 3 4 |  4.2
Translocations | |  1.0

Action                   |  1- 3 |  4- 6 |  7- 9 | 10-12 || total
-------------------------+-------+-------+-------+-------++-------
Melee: Dagger            |    20 |    49 |   229 |    63 ||   361
       Constrict         |     7 |    13 |    39 |    10 ||    69
       Tentacles         |     2 |    10 |    40 |    11 ||    63
 Cast: Magic Dart        |    40 |   182 |   190 |    10 ||   422
       Call Imp          |       |    29 |    94 |    33 ||   156
       Mephitic Cloud    |       |       |    10 |     7 ||    17
       Stone Arrow       |       |       |    22 |     6 ||    28
       Blink             |       |       |       |     1 ||     1
Evoke: Wand              |       |       |    10 |     8 ||    18
  Use: Potion            |     2 |     5 |    11 |     1 ||    19
       Scroll            |     2 |     2 |    13 |     2 ||    19
 Stab: Sleeping          |     1 |     1 |     2 |     1 ||     5
       Distracted        |       |     1 |     2 |     1 ||     4
       Paralysed         |       |       |    11 |       ||    11
       Confused          |       |       |     1 |     8 ||     9
Armor: Skin              |     5 |    19 |    72 |     9 ||   105
Dodge: Dodged            |    15 |    65 |   248 |    73 ||   401
